 Dungeon Crawl Stone Soup version 0.28-a0-664-gc179e30c89 (webtiles) character file.

Game seed: 5532406540483502580

5159 jdsmith2816 the Grappler (level 10, -1/103 (104) HPs)
             Began as a Troll Monk on Oct 15, 2021.
             Slain by a nine-headed hydra (3 damage)
             ... on level 8 of the Dungeon.
             The game lasted 00:36:55 (8751 turns).

jdsmith2816 the Grappler (Troll Monk)               Turns: 8751, Time: 00:36:56

HP:   -1/103 (104)  AC:  6    Str: 21    XL:     10   Next: 33%
MP:   9/9           EV:  8    Int:  6    God:
Gold: 295           SH: 13    Dex: 15    Spells: 9/9 levels left

rFire   + . .      SeeInvis .     - Unarmed
rCold   . . .      Faith    .   g - +0 tower shield
rNeg    + . .      Spirit   .   s - +2 robe {rN+}
rPois   .          Reflect  .   (helmet restricted)
rElec   .          Harm     .   (no cloak)
rCorr   .          Rampage  .   (gloves unavailable)
Will    +....                   (boots unavailable)
Stlth   ++........              (no amulet)
HPRegen 1.27/turn               F - ring of protection from fire
MPRegen 0.11/turn               W - ring of willpower

@: studying Axes, lightly drained
A: large, unfitting armour, claws 3, regeneration 1, shaggy fur 1, tough skin 1
a: no special abilities


You were on level 8 of the Dungeon.
You visited 2 branches of the dungeon, and saw 9 of its levels.

You collected 486 gold pieces.
You spent 191 gold pieces at shops.


Innate Abilities, Weirdness & Mutations

You are too large for most types of armour.
You have claws for hands.
Your natural rate of healing is unusually fast.
You are covered in fur. (AC +1)
You have tough skin. (AC +1)


   Skills:
 * Level 7.9 Fighting
 - Level 1.8 Throwing
 - Level 5.0 Dodging
 - Level 1.0 Stealth
 + Level 3.9 Shields
 * Level 10.5 Unarmed Combat


You had 9 spell levels left.
You didn't know any spells.
Your spell library contained the following spells:

 Spells                   Type           Power      Damage    Failure   Level
 Conjure Flame            Conj/Fire      0%         6-21      100%        3
 Ignite Poison            Fire/Tmut/Pois 0%         N/A       100%        3
 Sticky Flame             Conj/Fire      0%         2d3       100%        4
 Summon Forest            Summ/Tloc      0%         N/A       100%        5
 Summon Mana Viper        Hex/Summ       0%         N/A       100%        5
 Summon Cactus Giant      Summ           0%         N/A       100%        6

Inventory:

Missiles
 e - 13 poisoned darts
 h - a throwing net {=f}
 r - 11 boomerangs (quivered)
Armour
 g - a +0 tower shield (worn)
 o - a +0 buckler
 s - a +2 robe of positive energy (worn)
Jewellery
 F - a ring of protection from fire (left claw)
 W - a ring of willpower (right claw)
 Z - a ring of wizardry
Wands
 d - a wand of polymorph (10)
 k - a wand of flame (17)
Scrolls
 a - 2 scrolls of fog
 b - 3 scrolls of teleportation {@r2}
 c - 4 scrolls of immolation
 q - 2 scrolls of fear
 u - a scroll of summoning {unknown}
 w - 2 scrolls of enchant weapon
Potions
 f - 3 potions of magic
 i - a potion of mutation
 j - 2 potions of attraction
 l - 2 potions of heal wounds {@q2}
 m - a potion of might
 n - a potion of resistance {unknown}
 p - 3 potions of curing {@q1}
 t - a potion of cancellation
 v - a potion of flight {unknown}

Dungeon Overview and Level Annotations

Branches:
Dungeon (8/15)             Temple (1/1) D:4
   Lair: D:8-11

Altars:
Ashenzari
Cheibriados
Dithmenos
Elyvilon
Fedhas
Gozag
Hepliaklqana
Kikubaaqudgha
Makhleb
Nemelex Xobeh
Okawaru
Qazlal
Ru
Uskayaw
Vehumet
Wu Jian
Xom
Zin
The Shining One

Shops:
D:1 [=:!   D:2 *   D:5 [   D:8 ((

Annotations:
D:4 exclusion: downstairs
D:6 2 runed translucent doors, robertstho's ghost, novice DjFE

.####.# #.≈♣≈P.....##..#.# #..
#.# #.# #..P.......##.##.# ##.
.## #.# #....#.....##.##.## ##
#.###.#######.##.#.>.##.##..##
# ##........#
#....######.###..# #
#....###.###...#######.# ##.#
# ##....# #...#.#.........#
#.# # ......#
###...######....# #.## #
####..###
#....D@....##.####..###
.####..!#
#.########.##...###..##
...####.###.# #.####.####.##
##..........# ##.# #...##.#.
#######....#####
#..######..#... #
#....#......####.##.PP.P.P.P..
#
#....#...##......##P▒P.▒..▒..▒
#
#....#.#..#####..##≈≈≈≈≈≈≈≈≈≈≈
#......##.######..............


You could see a nine-headed hydra.


Message History

Okay, then.
You tear one of the seven-headed hydra's heads off!
The six-headed hydra grows two more!
You mangle the eight-headed hydra!!
The eight-headed hydra is moderately wounded.
The eight-headed hydra bites you!
You block the eight-headed hydra's attack.
The eight-headed hydra closely misses you.
The eight-headed hydra bites you.
The eight-headed hydra bites you but does no damage.
The eight-headed hydra bites you. The eight-headed hydra bites you!
* * * LOW HITPOINT WARNING * * *
The eight-headed hydra bites you!
* * * LOW HITPOINT WARNING * * *
You rip one of the eight-headed hydra's heads off!
The seven-headed hydra grows two more!
You scratch the nine-headed hydra.
The nine-headed hydra is moderately wounded.
You block the nine-headed hydra's attack.
The nine-headed hydra closely misses you. x2
You block the nine-headed hydra's attack. x3
The nine-headed hydra bites you but does no damage. x2
The nine-headed hydra bites you!
* * * LOW HITPOINT WARNING * * *
The nine-headed hydra bites you!
* * * LOW HITPOINT WARNING * * *
The nine-headed hydra closely misses you.
The nine-headed hydra barely misses you.
The nine-headed hydra bites you!
* * * LOW HITPOINT WARNING * * *
The nine-headed hydra bites you.
You die...

Skill      XL: |  1  2  3  4  5  6  7  8  9 |
---------------+----------------------------+-----
Unarmed Combat | 4 5 6 7 8 10 | 10.5
Fighting       | 3 5 7 |  7.9
Dodging        | 3 4 5 |  5.0
Throwing       | 1 |  1.8
Shields        | 1 3 |  3.9
Stealth        | |  1.0

Action                   |  1- 3 |  4- 6 |  7- 9 | 10-12 || total
-------------------------+-------+-------+-------+-------++-------
Melee: Unarmed           |    67 |   167 |   203 |    74 ||   511
       Punch             |     1 |     2 |    10 |       ||    13
Throw: Dart              |     1 |     4 |    19 |       ||    24
       Boomerang         |       |       |       |     2 ||     2
  Use: Scroll            |       |    12 |     2 |     4 ||    18
       Potion            |       |       |     1 |       ||     1
 Stab: Sleeping          |       |     5 |     1 |     3 ||     9
Armor: Robe              |    20 |    40 |    46 |    17 ||   123
Dodge: Dodged            |    37 |    66 |    94 |    14 ||   211
Block: Tower shield      |       |       |       |    44 ||    44

Levels and vault maps discovered:
D:1:      dpeg_arrival_tiny_c, layout_loops_cross,
          dreamdust_ecumenical_altar_drowned_temple, serial_shops,
          shop_fountains, shop, nicolae_shop_temple_entry_statues_fountains,
          nicolae_shop_trees, grunt_decor_arrowhead
D:2:      minmay_razor_zed, layout_basic, serial_shops, shop, dk_noncrumbling_3,
          uniq_sigmund
D:3:      layout_basic, serial_rivers, chequers_serial_rivers_marsh,
          chequers_serial_rivers_large_a, chequers_serial_rivers_micro_d,
          chequers_serial_rivers_small_a
D:4:      layout_basic, vehumet_altar_wand_db,
          worldfamousw_hep_ancestral_shrine, mainiacjoe_overflow_24_doors,
          lemuel_temple_firewalk_a
D:5:      layout_loops_ring, serial_shops, shop, minmay_misc_feat_room,
          minmay_manual_mail, uniq_blork_the_orc, uniq_pikel
D:6:      layout_basic, ebering_ghost_disaster_area
D:7:      layout_loops_ring, lemuel_tele_altar, grunt_ministairs_8, uniq_harold,
          uniq_joseph
D:8:      layout_rooms, lemuel_mausoleum_altar_kikubaaqudgha,
          nicolae_elyvilon_temple_path, serial_shops, nicolae_shop_waterfront,
          kennysheep_mini, minivault_24, serial_bayou_pond_d
Temple:   cyrus_circular_temple

Notes
Turn   | Place    | Note
-------+----------+-------------------------------------------
     0 | D:1      | jdsmith2816 the Troll Monk began the quest for the Orb.
     0 | D:1      | Reached XP level 1. HP: 22/22 MP: 0/0
    47 | D:1      | Found Nuniulen's Antique Armour Shop.
   102 | D:1      | Reached XP level 2. HP: 29/29 MP: 1/1
   173 | D:1      | Found a faded altar of an unknown god.
   207 | D:1      | Found Huozxaxu's Book Shop.
   225 | D:1      | Found Wokluzy's Distillery.
   280 | D:1      | Found Imishrab's Jewellery Boutique.
   645 | D:1      | Reached XP level 3. HP: 13/36 MP: 2/2
   668 | D:2      | Reached skill level 4 in Unarmed Combat
   672 | D:2      | Reached skill level 3 in Fighting
   672 | D:2      | Reached skill level 3 in Dodging
   672 | D:2      | Reached XP level 4. HP: 32/45 MP: 3/3
  1053 | D:2      | Noticed Sigmund
  1076 | D:2      | Killed Sigmund
  1077 | D:2      | Reached skill level 5 in Unarmed Combat
  1077 | D:2      | Reached XP level 5. HP: 36/53 MP: 4/4
  1077 | D:2      | Reached XP level 6. HP: 42/61 MP: 5/5
  1146 | D:2      | Found Mugaol's Assorted Antiques.
  2945 | D:4      | Found a radiant altar of Vehumet.
  2995 | D:4      | Found a staircase to the Ecumenical Temple.
  3004 | Temple   | Entered the Ecumenical Temple
  3195 | D:4      | Found a hazy altar of Hepliaklqana.
  3233 | D:4      | Found a snail-covered altar of Cheibriados.
  3279 | D:4      | Reached skill level 6 in Unarmed Combat
  3401 | D:4      | Reached XP level 7. HP: 68/68 MP: 6/6
  3596 | D:5      | Entered Level 5 of the Dungeon
  3638 | D:5      | Reached skill level 4 in Dodging
  3644 | D:5      | Reached skill level 4 in Fighting
  3694 | D:5      | Noticed Pikel
  3956 | D:5      | Noticed Blork the orc
  3974 | D:5      | Killed Blork the orc
  3975 | D:5      | Reached skill level 7 in Unarmed Combat
  4121 | D:5      | Killed Pikel
  4122 | D:5      | Reached skill level 5 in Fighting
  4122 | D:5      | Reached skill level 1 in Throwing
  4122 | D:5      | Reached XP level 8. HP: 54/80 MP: 7/7
  4338 | D:5      | Found Tuqijaug's Armour Shop.
  4346 | D:5      | Bought a +2 robe of positive energy for 191 gold pieces
  4797 | D:6      | Reached skill level 8 in Unarmed Combat
  4970 | D:6      | Reached skill level 5 in Dodging
  5008 | D:6      | Noticed a kobold demonologist
  5037 | D:6      | Killed a kobold demonologist
  5038 | D:6      | Reached skill level 1 in Shields
  5038 | D:6      | Reached XP level 9. HP: 88/89 MP: 8/8
  5206 | D:6      | Found a large runed translucent door.
  5208 | D:6      | Found a large runed translucent door.
  5220 | D:6      | Noticed robertstho's ghost (novice DjFE)
  5296 | D:6      | Reached skill level 6 in Fighting
  5538 | D:6      | Reached skill level 2 in Shields
  6012 | D:7      | Reached skill level 9 in Unarmed Combat
  6263 | D:7      | Found a sparkling altar of Nemelex Xobeh.
  6641 | D:7      | Noticed Harold
  6667 | D:7      | Killed Harold
  6668 | D:7      | Reached skill level 7 in Fighting
  6668 | D:7      | Reached skill level 3 in Shields
  6668 | D:7      | Reached skill level 10 in Unarmed Combat
  6686 | D:7      | Noticed Joseph
  7047 | D:7      | Killed Joseph
  7048 | D:7      | Reached XP level 10. HP: 71/102 MP: 9/9
  7260 | D:8      | Found Boipt's Weapon Boutique.
  7297 | D:8      | Found a white marble altar of Elyvilon.
  7476 | D:8      | Found Tuwuherr's Antique Weapon Shoppe.
  7684 | D:8      | Noticed a six-headed hydra
  8347 | D:8      | Found an ancient bone altar of Kikubaaqudgha.
  8574 | D:8      | Identified a +2 robe of resistance
  8751 | D:8      | HP: 2/103 [nine-headed hydra (9)]
  8751 | D:8      | Slain by a nine-headed hydra

Vanquished Creatures
  Harold (D:7)
  Pikel (D:5)
  Joseph (D:7)
  A kobold demonologist (D:6)
  Sigmund (D:2)
  2 acid dragons
  2 water moccasins
  An orc warrior (D:7)
  2 sky beasts
  2 ice beasts
  5 necrophages
  2 ogres
  2 centaurs
  2 bullfrogs
  Blork the orc (D:5)
  A gnoll sergeant (D:6)
  2 scorpions (D:5)
  A wyvern skeleton (D:7)
  7 wights (D:8)
  An electric eel (D:8)
  3 hounds
  4 centaur zombies (D:8)
  A bullfrog skeleton (D:4)
  A human zombie (D:8)
  5 orc priests
  A jelly (D:7)
  A centaur skeleton (D:5)
  4 iguanas
  2 orc wizards
  A scorpion zombie (D:5)
  A killer bee zombie (D:7)
  A hound zombie (D:5)
  2 mummies (D:8)
  A howler monkey zombie (D:8)
  4 gnolls (D:6)
  9 adders
  A howler monkey skeleton (D:3)
  2 white imps
  An ufetubus (D:6)
  An adder skeleton (D:4)
  A worm (D:4)
  3 dart slugs
  13 orcs
  5 endoplasms
  6 giant cockroaches
  9 goblins
  12 hobgoblins
  12 jackals
  3 quokkas
  8 ball pythons
  3 bats
  4 frilled lizards
  8 kobolds
  2 rats
  A spectral hobgoblin (D:1)
174 creatures vanquished.

Vanquished Creatures (others)
  An adder (D:4)
  3 plants (D:8)
4 creatures vanquished.

Grand Total: 178 creatures vanquished

Table legend: (Time is in decaauts)
 A = Elapsed time spent in this place.
 B = Non-inter-level travel time spent in this place.
 C = Inter-level travel time spent in this place.
 D = Time resting spent in this place.
 E = Time spent auto-exploring this place.
 F = Levels seen in this place.
 G = Mean time per level.
                   A        B        C        D        E       F      G
               +--------+--------+--------+--------+--------+-----+--------+
         Total |   8735 |   8434 |    301 |   1571 |   4854 |   9 |  970.6 |
       Dungeon |   8676 |   8383 |    293 |   1571 |   4820 |   8 | 1084.5 |
        Temple |     59 |     51 |      8 |      0 |     34 |   1 |   59.0 |
               +--------+--------+--------+--------+--------+-----+--------+

Top non-repeatable levels by time:
     D:6: 1682 daAuts
     D:8: 1494 daAuts
     D:2: 1249 daAuts
     D:7: 983 daAuts
     D:3: 937 daAuts
     D:5: 852 daAuts
     D:4: 816 daAuts
     D:1: 659 daAuts
  Temple: 59 daAuts

Table legend:
 A = Non-vault XP
 B = Vault XP
 C = Vault XP percentage of total XP
 D = Non-vault monster count
 E = Vault monster count
 F = Vault count percentage of total count
                 A         B        C        D         E       F
            +---------+---------+-------+---------+---------+-------
      Total |    4023 |    3348 |  45.4 |     136 |      38 |  21.8
            +---------+---------+-------+---------+---------+-------
        D:1 |      80 |       1 |   1.2 |      23 |       1 |   4.2
        D:2 |      96 |     264 |  73.3 |      19 |      14 |  42.4
        D:3 |     163 |       0 |   0.0 |      25 |       0 |   0.0
        D:4 |     127 |       5 |   3.8 |      13 |       2 |  13.3
        D:5 |     321 |    1051 |  76.6 |      12 |       6 |  33.3
        D:6 |    1261 |       0 |   0.0 |      18 |       0 |   0.0
        D:7 |    1204 |    1374 |  53.3 |      16 |       3 |  15.8
        D:8 |     771 |     653 |  45.9 |      10 |      12 |  54.5
            +---------+---------+-------+---------+---------+-------
